 Dungeon Crawl Stone Soup version 0.13.0-19-g8e0b589 (webtiles) character file.

177 Malachi the Slasher (level 4, 0/54 HPs)
             Began as a Vampire Berserker on Oct 24, 2013.
             Was a Priest of Trog.
             Slain by an ice beast (3 damage)
             ... on Level 3 of the Dungeon.
             The game lasted 00:04:13 (2016 turns).

Malachi the Slasher (Vampire Berserker)             Turns: 2016, Time: 00:04:14

HP   0/54        AC  3     Str 22      XL: 4   Next: 59%
MP   4/4         EV 13     Int  9      God: Trog [***...]
Gold 68          SH  0     Dex 13      Spells:  0 memorised,  3 levels left

Res.Fire  : . . .   See Invis. : +   a - +0 falchion
Res.Cold  : . . .   Warding    : .   b - +0 animal skin
Life Prot.: . . .   Conserve   : .   (no shield)
Res.Poison: .       Res.Corr.  : .   (no helmet)
Res.Elec. : .       Clarity    : .   f - +0 cloak
Sust.Abil.: . .     Spirit.Shd : .   (no gloves)
Res.Mut.  : .       Stasis     : .   (no boots)
Res.Rott. : .       Flight     : .   h - amulet of faith
Saprovore : . . .                    (no ring)
                                     (no ring)

@: regenerating quickly, berserking, very quick, slightly resistant to hostile
enchantments, extremely unstealthy
A: fangs 3, see invisible, unbreathing
a: Burn Spellbooks, Berserk, Trog's Hand, Renounce Religion


You were on level 3 of the Dungeon.
You worshipped Trog.
Trog was most pleased with you.
You were full.

You visited 1 branch of the dungeon, and saw 3 of its levels.

You collected 48 gold pieces.

Inventory:

Hand weapons
 a - a +0,+0 falchion (weapon)
Armour
 b - a +0 animal skin (worn)
 f - a +0 cloak (worn)
 l - a +1 plate armour
Scrolls
 i - a scroll of enchant weapon I {unknown}
 k - a scroll of fog {unknown}
 n - a scroll of recharging {unknown}
 o - a scroll of remove curse
 q - a scroll of identify {unknown}
Jewellery
 d - an uncursed ring of fire
 e - an uncursed ring of fire
 h - an amulet of faith (around neck)
 p - an uncursed ring of poison resistance {unknown}
Potions
 g - a potion of agility {unknown}
 j - a potion of curing
 m - a potion of restore abilities {unknown}


   Skills:
 + Level 2.9 Fighting
 * Level 4.1 Long Blades
 + Level 1.7 Armour
 + Level 4.0 Dodging


You had 3 spell levels left.
You didn't know any spells.

Dungeon Overview and Level Annotations

Branches:
Dungeon (3/27)

Altars:


Innate Abilities, Weirdness & Mutations

Your natural rate of healing is unusually fast.
You have razor-sharp teeth.*
You have supernaturally acute eyesight.
You can survive without breathing.*


Message History

Drink which item? (? for menu, Esc to quit)
Okay, then.
Drink which item? (? for menu, Esc to quit)
You feel better.
It was a potion of curing.
Use which ability? (? or * to list)
A red film seems to cover your vision as you go berserk!
You feel yourself moving faster!
You feel mighty!
You feel somewhat less full. The ice beast misses you.
Unknown command.
You barely miss the ice beast. The ice beast misses you.
You slash the ice beast!
The ice beast is moderately wounded.
The ice beast hits you. The ice beast freezes you!
* * * LOW HITPOINT WARNING * * *
You hit the ice beast.
The ice beast is heavily wounded.
You closely miss the ice beast.
The ice beast is heavily wounded.
The ice beast hits you.
You die...

#.# #.# #.# #.#
.. #.# ... #.#
... #.# ..
#.#########.###
#.....@I.#....#
########)#....##
#)).....#
###.....#
....... ####.##
..


You could see an ice beast.

Vanquished Creatures
  3 adders (D:2)
  A worm (D:2)
  A giant gecko (D:1)
  4 orcs (D:3)
  A ball python (D:1)
  8 bats
  5 giant cockroaches
  9 goblins
  5 hobgoblins
  10 jackals
  13 kobolds
  8 rats
68 creatures vanquished.

Notes
Turn   | Place    | Note
--------------------------------------------------------------
     0 | D:1      | Malachi, the Vampire Berserker, began the quest for the Orb.
     0 | D:1      | Reached XP level 1. HP: 18/18 MP: 1/1
   165 | D:1      | Reached XP level 2. HP: 18/24 MP: 2/2
   723 | D:1      | Acquired Trog's second power
   723 | D:1      | Reached XP level 3. HP: 28/30 MP: 3/3
  1297 | D:2      | Reached XP level 4. HP: 9/36 MP: 4/4
  1647 | D:2      | Reached skill level 4 in Long Blades
  2007 | D:3      | Paralysed by a potion of paralysis for 4 turns
  2009 | D:3      | Noticed an ice beast
  2016 | D:3      | Slain by an ice beast

Action                   |  1- 3 |  4- 6 || total
-------------------------+-------+-------++-------
Melee: Falchion          |   186 |    76 ||   262
Invok: Berserk           |     1 |     1 ||     2
  Use: Potion            |     1 |     2 ||     3
       Scroll            |     2 |       ||     2
 Stab: Sleeping          |     1 |       ||     1
